TOP OF THE 1ST |
University of Alabama Crimson Tide batting - Pitching for Florida State University Seminoles : RHP Lupe Barrera
|
Pitching: RHP Lupe Barrera
|
|
Batting: RHB António Scarlett
|
0-0: Ball 1-0: Called Strike 1-1: Foul Ball, location: 2F 1-2: Foul Ball, location: 2F 1-2: Ground out 5-3 (Groundball, 56, EV 79.4 MPH)
|
Batting: RHB Er Le
|
0-0: Ball 1-0: Called Strike 1-1: Swinging Strike 1-2: Foul Ball, location: 2F 1-2: Ball 2-2: SINGLE (Groundball, 56S, EV 66.3 MPH) (infield hit)
|
Batting: RHB Aaron Bryant
|
0-0: Called Strike 0-1: Foul Ball, location: 2F 0-2: Ball 1-2: Ball 2-2: Foul Ball, location: 2F 2-2: Ball 3-2: Base on Balls Er Le to second
|
Batting: RHB Shura Beschenko
|
0-0: Ball 1-0: Ball 2-0: Ball 3-0: Called Strike 3-1: Fielders Choice at 2nd, 6-4 (Groundball, 6, EV 83.1 MPH) Er Le to third
|
Batting: RHB Willie Torres
|
0-0: Called Strike 0-1: Called Strike 0-2: Ball 1-2: Strikes out swinging
|
Top of the 1st over - 0 runs, 1 hit, 0 errors, 2 left on base; University of Alabama 0 - Florida State University 0 |
BOTTOM OF THE 1ST |
Florida State University Seminoles batting - Pitching for University of Alabama Crimson Tide : RHP Jun Yamashita
|
Pitching: RHP Jun Yamashita
|
|
Batting: LHB Raul Maldonado
|
0-0: Fly out, F8 (Flyball, 8RS, EV 84.4 MPH)
|
Batting: RHB Yutaka Yamane
|
0-0: Foul Ball, location: 2F 0-1: Ball 1-1: Fly out, F8 (Line Drive, 89M, EV 105.6 MPH)
|
Batting: LHB Dong-u Chang
|
0-0: Called Strike 0-1: Called Strike 0-2: Strikes out swinging
|
Bottom of the 1st over - 0 runs, 0 hits, 0 errors, 0 left on base; University of Alabama 0 - Florida State University 0 |
TOP OF THE 2ND |
University of Alabama Crimson Tide batting - Pitching for Florida State University Seminoles : RHP Lupe Barrera
|
Batting: SHB Kyle Wallace
|
0-0: Called Strike 0-1: Ball 1-1: Ground out 1-6-3 (Groundball, 15S, EV 105.0 MPH)
|
Batting: RHB Ray Travis
|
0-0: Called Strike 0-1: Called Strike 0-2: Ball 1-2: Strikes out swinging
|
Batting: RHB Aaron Bateman
|
0-0: Ball 1-0: Ball 2-0: SINGLE (Line Drive, 4MD, EV 96.3 MPH)
|
Batting: RHB Jose Cuellar
|
0-0: Fly out, F7 (Flyball, 7LS, EV 91.3 MPH)
|
Top of the 2nd over - 0 runs, 1 hit, 0 errors, 1 left on base; University of Alabama 0 - Florida State University 0 |
BOTTOM OF THE 2ND |
Florida State University Seminoles batting - Pitching for University of Alabama Crimson Tide : RHP Jun Yamashita
|
Batting: SHB Nadhir Umayr
|
0-0: SINGLE (Groundball, 6MD, EV 104.4 MPH)
|
Batting: RHB Brad Brady
|
0-0: Called Strike 0-1: Fly out, F3 (Popup, 3L, EV 75.6 MPH)
|
Batting: LHB Jai-guo Bian
|
0-0: Ball 1-0: Fly out, F6 (Line Drive, 6, EV 67.5 MPH)
|
Batting: RHB Israel Quinteros
|
0-0: Called Strike 0-1: Ball 1-1: Swinging Strike 1-2: Foul Ball, location: 2F 1-2: Strikes out looking
|
Bottom of the 2nd over - 0 runs, 1 hit, 0 errors, 1 left on base; University of Alabama 0 - Florida State University 0 |
TOP OF THE 3RD |
University of Alabama Crimson Tide batting - Pitching for Florida State University Seminoles : RHP Lupe Barrera
|
Batting: RHB António Scarlett
|
0-0: Called Strike 0-1: Reached on error, E5 (Groundball, 56S, EV 70.6 MPH)
|
Batting: RHB Er Le
|
0-0: Ball 1-0: Swinging Strike 1-1: Swinging Strike 1-2: Foul Ball, location: 2F 1-2: Strikes out swinging
|
Batting: RHB Aaron Bryant
|
0-0: Called Strike 0-1: Ball 1-1: Swinging Strike 1-2: Ball 2-2: Strikes out swinging
|
Batting: RHB Shura Beschenko
|
0-0: DOUBLE (Flyball, 7LD, EV 101.9 MPH) António Scarlett scores
|
Batting: RHB Willie Torres
|
0-0: Called Strike 0-1: Ground out 5-3 (Groundball, 56, EV 109.4 MPH)
|
Top of the 3rd over - 1 run, 1 hit, 1 error, 1 left on base; University of Alabama 1 - Florida State University 0 |
BOTTOM OF THE 3RD |
Florida State University Seminoles batting - Pitching for University of Alabama Crimson Tide : RHP Jun Yamashita
|
Batting: LHB Bill Girton
|
0-0: Called Strike 0-1: Foul Ball, location: 2F 0-2: Ball 1-2: Fly out, F5 (Flyball, 5D, EV 94.4 MPH)
|
Batting: SHB Jose Quezada
|
0-0: Called Strike 0-1: Swinging Strike 0-2: Reached on error, E6 (Groundball, 6, EV 84.4 MPH)
|
Batting: LHB Raul Maldonado
|
0-0: Called Strike 0-1: Called Strike 0-2: Strikes out looking
|
Batting: RHB Yutaka Yamane
|
0-0: Ball 1-0: Ball 2-0: Called Strike 2-1: Fly out, F7 (Flyball, 7LS, EV 93.8 MPH)
|
Bottom of the 3rd over - 0 runs, 0 hits, 1 error, 1 left on base; University of Alabama 1 - Florida State University 0 |
TOP OF THE 4TH |
University of Alabama Crimson Tide batting - Pitching for Florida State University Seminoles : RHP Lupe Barrera
|
Batting: SHB Kyle Wallace
|
0-0: Ball 1-0: Called Strike 1-1: Foul Ball, location: 2F 1-2: Foul Ball, location: 2F 1-2: DOUBLE (Line Drive, 9LS, EV 107.5 MPH)
|
Batting: RHB Ray Travis
|
0-0: Ground out U3 (Groundball, 34, EV 88.1 MPH) Kyle Wallace to third
|
Batting: RHB Aaron Bateman
|
0-0: Ball 1-0: Swinging Strike 1-1: Foul Ball, location: 2F 1-2: Strikes out swinging
|
Batting: RHB Jose Cuellar
|
0-0: Ball 1-0: Swinging Strike 1-1: Called Strike 1-2: DOUBLE (Flyball, 89D, EV 110.6 MPH) Kyle Wallace scores
|
Batting: RHB António Scarlett
|
0-0: Called Strike 0-1: Foul Ball, location: 2F 0-2: Ball 1-2: Ball 2-2: Fly out, F8 (Flyball, 8RD, EV 96.9 MPH)
|
Top of the 4th over - 1 run, 2 hits, 0 errors, 1 left on base; University of Alabama 2 - Florida State University 0 |
BOTTOM OF THE 4TH |
Florida State University Seminoles batting - Pitching for University of Alabama Crimson Tide : RHP Jun Yamashita
|
Batting: LHB Dong-u Chang
|
0-0: Ball 1-0: Foul Ball, location: 2F 1-1: Ball 2-1: Ground out U3 (Groundball, 3, EV 91.3 MPH)
|
Batting: SHB Nadhir Umayr
|
0-0: Ball 1-0: Ball 2-0: Foul Ball, location: 2F 2-1: Ball 3-1: Called Strike 3-2: Foul Ball, location: 2F 3-2: SINGLE (Groundball, 6MS, EV 80.6 MPH) (infield hit)
|
Batting: RHB Brad Brady
|
0-0: Ball 1-0: Swinging Strike 1-1: Foul Ball, location: 2F 1-2: Fielders Choice at 2nd, 4-6 (Groundball, 4S, EV 88.8 MPH)
|
Batting: LHB Jai-guo Bian
|
0-0: Called Strike 0-1: Ground out 4-3 (Groundball, 4, EV 102.5 MPH)
|
Bottom of the 4th over - 0 runs, 1 hit, 0 errors, 1 left on base; University of Alabama 2 - Florida State University 0 |
TOP OF THE 5TH |
University of Alabama Crimson Tide batting - Pitching for Florida State University Seminoles : RHP Lupe Barrera
|
Batting: RHB Er Le
|
0-0: Ball 1-0: Called Strike 1-1: DOUBLE (Line Drive, 7LS, EV 97.5 MPH)
|
Pitching: RHP Justin Moran
|
|
Batting: RHB Aaron Bryant
|
0-0: Ball 1-0: Ball 2-0: Ball 3-0: Foul Ball, location: 2F 3-1: Base on Balls
|
Batting: RHB Shura Beschenko
|
0-0: Ball 1-0: Called Strike 1-1: Ball 2-1: Ball 3-1: Fly out, F7 (Line Drive, 7, EV 93.8 MPH)
|
Batting: RHB Willie Torres
|
0-0: Ball 1-0: 3-RUN HOME RUN (Line Drive, 7D, EV 96.3 MPH), Distance : 369 ft
|
Batting: SHB Kyle Wallace
|
0-0: Ball 1-0: Ball 2-0: Ball 3-0: Called Strike 3-1: Base on Balls
|
Batting: RHB Ray Travis
|
0-0: Fielders Choice at 2nd, 6-4 (Groundball, 6, EV 84.4 MPH)
|
Batting: RHB Aaron Bateman
|
0-0: Ball 1-0: Ground out 3-1 (Groundball, 34, EV 83.8 MPH)
|
Top of the 5th over - 3 runs, 2 hits, 0 errors, 1 left on base; University of Alabama 5 - Florida State University 0 |
BOTTOM OF THE 5TH |
Florida State University Seminoles batting - Pitching for University of Alabama Crimson Tide : RHP Jun Yamashita
|
Batting: RHB Israel Quinteros
|
0-0: Foul Ball, location: 2F 0-1: Called Strike 0-2: Ball 1-2: SINGLE (Line Drive, 78S, EV 110.6 MPH)
|
Batting: LHB Bill Girton
|
0-0: Ball 1-0: Fielders Choice at 2nd, 3-6 (Groundball, 34S, EV 81.9 MPH)
|
Batting: SHB Jose Quezada
|
0-0: Fly out, F9 (Flyball, 89S, EV 86.3 MPH)
|
Batting: LHB Raul Maldonado
|
0-0: Called Strike 0-1: Ball 1-1: Called Strike 1-2: Foul Ball, location: 2F 1-2: Ball 2-2: Strikes out swinging
|
Bottom of the 5th over - 0 runs, 1 hit, 0 errors, 1 left on base; University of Alabama 5 - Florida State University 0 |
TOP OF THE 6TH |
University of Alabama Crimson Tide batting - Pitching for Florida State University Seminoles : RHP Justin Moran
|
Pinch Hitting: RHB Harry Dickson
|
0-0: Foul Ball, location: 2F 0-1: Ball 1-1: SINGLE (Groundball, 6D, EV 103.1 MPH)
|
Batting: RHB António Scarlett
|
0-0: Called Strike 0-1: Ball 1-1: Ball 2-1: Foul Ball, location: 2F 2-2: SINGLE (Flyball, 56D, EV 91.3 MPH) Harry Dickson to second
|
Pinch Hitting: LHB Efrem Isaev
|
0-0: Called Strike 0-1: Ball 1-1: Foul Ball, location: 2F 1-2: Ball 2-2: Foul Ball, location: 2F 2-2: Ball 3-2: DOUBLE (Line Drive, 7LS, EV 100.0 MPH) Harry Dickson scores António Scarlett to third
|
Pitching: RHP Eric Gomes
|
|
Batting: RHB Aaron Bryant
|
0-0: Ball 1-0: Ball 2-0: Called Strike 2-1: Swinging Strike 2-2: Ball 3-2: SINGLE (Groundball, 6MD, EV 88.1 MPH) (infield hit) António Scarlett scores Efrem Isaev to third
|
Batting: RHB Shura Beschenko
|
0-0: Ball 1-0: Fly out, F8 (Flyball, 8RXD, EV 108.1 MPH) Runner from 3rd tags up, SCORES, no throw by CF
|
Batting: SHB Jesus Gomez
|
0-0: Called Strike 0-1: Ball 1-1: Foul Ball, location: 2F 1-2: Strikes out swinging
|
Batting: SHB Kyle Wallace
|
0-0: Called Strike 0-1: Ball 1-1: Foul Ball, location: 2F 1-2: Foul Ball, location: 2F 1-2: Foul Ball, location: 2F 1-2: Ground out 4-3 (Groundball, 4, EV 89.4 MPH)
|
Top of the 6th over - 3 runs, 4 hits, 0 errors, 1 left on base; University of Alabama 8 - Florida State University 0 |
BOTTOM OF THE 6TH |
Florida State University Seminoles batting - Pitching for University of Alabama Crimson Tide : RHP Jun Yamashita
|
Now at 1B: Efrem Isaev
|
|
Now at SS: Erik Wadsworth
|
|
Batting: RHB Yutaka Yamane
|
0-0: Called Strike 0-1: Foul Ball, location: 2F 0-2: Ball 1-2: Ball 2-2: Ball 3-2: Base on Balls
|
Batting: LHB Dong-u Chang
|
0-0: Called Strike 0-1: Ball 1-1: Foul Ball, location: 2F 1-2: Ground out 4-3 (Groundball, 34D, EV 96.9 MPH) Yutaka Yamane to second
|
Batting: SHB Nadhir Umayr
|
0-0: Ball 1-0: Fly out, F6 (Popup, 4MS, EV 68.8 MPH)
|
Batting: RHB Brad Brady
|
0-0: Ball 1-0: Called Strike 1-1: Ball 2-1: Ball 3-1: Base on Balls
|
Pitching: RHP Victor Mata
|
|
Batting: LHB Jai-guo Bian
|
0-0: Ball 1-0: Called Strike 1-1: Foul Ball, location: 2F 1-2: Ball 2-2: Strikes out swinging
|
Bottom of the 6th over - 0 runs, 0 hits, 0 errors, 2 left on base; University of Alabama 8 - Florida State University 0 |
TOP OF THE 7TH |
University of Alabama Crimson Tide batting - Pitching for Florida State University Seminoles : RHP Eric Gomes
|
Batting: RHB Ray Travis
|
0-0: Ball 1-0: Foul Ball, location: 2F 1-1: Ball 2-1: Ball 3-1: Fly out, F8 (Flyball, 8RXD, EV 84.4 MPH)
|
Pinch Hitting: LHB Miguel Ramos
|
0-0: Foul Ball, location: 2F 0-1: Swinging Strike 0-2: Strikes out swinging
|
Pinch Hitting: RHB Seisaburo Edagawa
|
0-0: Fly out, F8 (Flyball, 89S, EV 98.8 MPH)
|
Top of the 7th over - 0 runs, 0 hits, 0 errors, 0 left on base; University of Alabama 8 - Florida State University 0 |
BOTTOM OF THE 7TH |
Florida State University Seminoles batting - Pitching for University of Alabama Crimson Tide : RHP Victor Mata
|
Now at 3B: Jose Baca
|
|
Now at SS: Alex Rosario
|
|
Batting: LHB Jonathan Redden
|
0-0: Called Strike 0-1: Ball 1-1: Foul Ball, location: 2F 1-2: Foul Ball, location: 2F 1-2: Strikes out swinging, 2-3 out at first.
|
Pinch Hitting: RHB Daniel Pena
|
0-0: Ball 1-0: Ball 2-0: Ball 3-0: Called Strike 3-1: Base on Balls
|
Batting: SHB Jose Quezada
|
0-0: Ball 1-0: Ball 2-0: Called Strike 2-1: Called Strike 2-2: Foul Ball, location: 2F 2-2: Strikes out swinging
|
Pinch Hitting: RHB Juan Nieves
|
0-0: Called Strike 0-1: Foul Ball, location: 2F 0-2: Fielders Choice at 2nd, 6-4 (Groundball, 6, EV 84.4 MPH)
|
Bottom of the 7th over - 0 runs, 0 hits, 0 errors, 1 left on base; University of Alabama 8 - Florida State University 0 |
TOP OF THE 8TH |
University of Alabama Crimson Tide batting - Pitching for Florida State University Seminoles : RHP Eric Gomes
|
Now in LF: Daniel Pena
|
|
Now in RF: Juan Nieves
|
|
Pinch Hitting: RHB Adam Turpin
|
0-0: Called Strike 0-1: Ball 1-1: SOLO HOME RUN (Flyball, 78XD, EV 108.8 MPH), Distance : 434 ft
|
Pinch Hitting: RHB You-liang Cen
|
0-0: Ball 1-0: Swinging Strike 1-1: Ball 2-1: Called Strike 2-2: Reached on error, E3 (Groundball, 34S, EV 85.6 MPH)
|
Pinch Hitting: RHB James Anderson
|
0-0: Ball 1-0: Ball 2-0: Foul Ball, location: 2F 2-1: Ball 3-1: Base on Balls You-liang Cen to second
|
Pinch Hitting: RHB Tan-ming Kwan
|
0-0: SINGLE (Groundball, 6MD, EV 110.6 MPH) You-liang Cen to third James Anderson to second Runner from 3rd tries for Home, SAFE, throw by CF to home
|
Batting: SHB Jesus Gomez
|
0-0: Ball 1-0: Ball 2-0: Called Strike 2-1: Foul Ball, location: 2F 2-2: Strikes out swinging
|
Pinch Hitting: RHB Roger Dufour
|
0-0: Ball 1-0: Swinging Strike 1-1: Foul Ball, location: 2F 1-2: Ball 2-2: Ball 3-2: Foul Ball, location: 2F 3-2: Strikes out swinging
|
Batting: RHB Ray Travis
|
0-0: Foul Ball, location: 2F 0-1: Ball 1-1: Ball 2-1: Ball 3-1: Base on Balls James Anderson to third Tan-ming Kwan to second
|
Pinch Hitting: RHB Jason Barr
|
0-0: SINGLE (Flyball, 89S, EV 95.0 MPH) James Anderson scores Tan-ming Kwan to third Ray Travis to second
|
Batting: SHB Jose Baca
|
0-0: Ball 1-0: Called Strike 1-1: Fly out, F8 (Flyball, 8RD, EV 91.9 MPH)
|
Top of the 8th over - 3 runs, 3 hits, 1 error, 3 left on base; University of Alabama 11 - Florida State University 0 |
BOTTOM OF THE 8TH |
Florida State University Seminoles batting - Pitching for University of Alabama Crimson Tide : RHP Victor Mata
|
Now at 1B: Cosmo Lenidas
|
|
Now at 2B: Jason Barr
|
|
Now at SS: Tan-ming Kwan
|
|
Now in LF: You-liang Cen
|
|
Now in CF: Adam Turpin
|
|
Now in RF: James Anderson
|
|
Pinch Hitting: LHB John Centner
|
0-0: SINGLE (Groundball, 56D, EV 106.9 MPH)
|
Pinch Hitting: RHB Alex Rosaly
|
0-0: Called Strike 0-1: Ball 1-1: Fly out, F6 (Popup, 6MD, EV 55.6 MPH)
|
Pinch Hitting: RHB Ruben Gomez
|
0-0: Called Strike 0-1: Ball 1-1: Fielders Choice at 2nd, 6-4 (Groundball, 6, EV 78.8 MPH)
|
Pinch Hitting: RHB Devon Brown
|
0-0: Swinging Strike 0-1: Foul Ball, location: 2F 0-2: Strikes out swinging
|
Bottom of the 8th over - 0 runs, 1 hit, 0 errors, 1 left on base; University of Alabama 11 - Florida State University 0 |
TOP OF THE 9TH |
University of Alabama Crimson Tide batting - Pitching for Florida State University Seminoles : RHP Eric Gomes
|
Now at 2B: Alex Rosaly
|
|
Now at 3B: Willie Guzman
|
|
Now at SS: Devon Brown
|
|
Now in CF: Alex Noval
|
|
Pinch Hitting: RHB Jorge Lebron
|
0-0: Ball 1-0: Foul Ball, location: 2F 1-1: Ball 2-1: Foul Ball, location: 2F 2-2: Fly out, F8 (Line Drive, 8LM, EV 96.3 MPH)
|
Pinch Hitting: SHB David Garnica
|
0-0: Ball 1-0: Called Strike 1-1: Ball 2-1: Called Strike 2-2: Ball 3-2: Strikes out looking
|
Pinch Hitting: RHB Kai Johnson
|
0-0: Foul Ball, location: 2F 0-1: Called Strike 0-2: DOUBLE (Line Drive, 8LXD, EV 108.1 MPH)
|
Pinch Hitting: LHB Jimmy Leslie
|
0-0: Ball 1-0: Foul Ball, location: 2F 1-1: Ball 2-1: Ball 3-1: Called Strike 3-2: Ground out 3-1 (Groundball, 34S, EV 78.8 MPH)
|
Top of the 9th over - 0 runs, 1 hit, 0 errors, 1 left on base; University of Alabama 11 - Florida State University 0 |
BOTTOM OF THE 9TH |
Florida State University Seminoles batting - Pitching for University of Alabama Crimson Tide : RHP Victor Mata
|
Now at SS: Chris Cohen
|
|
Now in LF: Jorge Lebron
|
|
Now in CF: Aaron DeMange
|
|
Now in RF: Jimmy Leslie
|
|
Pinch Hitting: RHB Sal Guzman
|
0-0: Ball 1-0: Ball 2-0: Ball 3-0: Called Strike 3-1: Base on Balls
|
Batting: LHB Jonathan Redden
|
0-0: Reached on error, E3 (Groundball, 3, EV 83.8 MPH) Sal Guzman to second
|
Pinch Hitting: RHB Bobby Altamirano
|
0-0: Called Strike 0-1: Fielders Choice at 2nd, 5-4 (Groundball, 56, EV 89.4 MPH) Sal Guzman to third
|
Pinch Hitting: RHB Rafael Gil
|
0-0: Ball 1-0: Ball 2-0: Fielders Choice at 2nd, 6-4 (Groundball, 6, EV 80.6 MPH) Sal Guzman scores
|
Pinch Hitting: RHB Jake Garin
|
0-0: Called Strike 0-1: Ball 1-1: Ball 2-1: SINGLE (Line Drive, 8LS, EV 101.3 MPH) Rafael Gil to second
|
Pinch Hitting: RHB Fouad Bausi
|
0-0: Ball 1-0: Called Strike 1-1: Ball 2-1: Ball 3-1: Called Strike 3-2: Foul Ball, location: 2F 3-2: Foul Ball, location: 2F 3-2: Foul Ball, location: 2F 3-2: SINGLE (Groundball, 56D, EV 101.3 MPH) Rafael Gil to third Jake Garin to second Rafael Gil scores Jake Garin to third
|
Pinch Hitting: RHB Mark Conrad
|
0-0: Called Strike 0-1: Ball 1-1: Called Strike 1-2: SINGLE (Groundball, 4MS, EV 98.1 MPH) Jake Garin scores Fouad Bausi to second
|
Pinch Hitting: SHB Scott Kuzma
|
0-0: Foul Ball, location: 2F 0-1: DOUBLE (Line Drive, 78M, EV 94.4 MPH) Fouad Bausi scores Mark Conrad to third
|
Batting: RHB Devon Brown
|
0-0: Called Strike 0-1: Ball 1-1: 3-RUN HOME RUN (Line Drive, 7D, EV 101.3 MPH), Distance : 369 ft
|
Pitching: RHP Nick Ford
|
|
Batting: RHB Sal Guzman
|
0-0: Ball 1-0: Ball 2-0: Foul Ball, location: 2F 2-1: Foul Ball, location: 2F 2-2: Foul Ball, location: 2F 2-2: Ground out 6-3 (Groundball, 6, EV 100.6 MPH)
|
Bottom of the 9th over - 7 runs, 5 hits, 1 error, 0 left on base; University of Alabama 11 - Florida State University 7 |
|